 Dungeon Crawl Stone Soup version 0.27.1-4-g1640c2035a (webtiles) character file.

Game seed: 7762729817586478335

113 Crownlay the Digger (level 4, 0/24 HPs)
             Began as a Gargoyle Earth Elementalist on Nov 6, 2021.
             Slain by a goblin (4 damage)
             ... led by Robin
             ... on level 3 of the Dungeon.
             The game lasted 00:03:47 (3491 turns).

Crownlay the Digger (Gargoyle Earth Elementalist)   Turns: 3491, Time: 00:03:48

Health: 0/24       AC:  6    Str: 11    XL:     4   Next: 96%
Magic:  0/9        EV: 11    Int: 17    God:
Gold:   62         SH:  0    Dex: 10    Spells: 6/10 levels left

rFire    + . .     SeeInvis .   h - +0 dagger (elec)
rCold    . . .     Faith    .   (no shield)
rNeg     + . .     Spirit   .   d - +1 robe {rF+}
rPois    ∞         Reflect  .   (no helmet)
rElec    +         Harm     .   (no cloak)
rCorr    .         Rampage  .   (no gloves)
Will     .....                  (no boots)
Stlth    ++........             (no amulet)
HPRegen  0.08/turn              (no ring)
MPRegen  0.11/turn              (no ring)

@: no status effects
A: sickness immunity, AC +3, negative energy resistance 1, electricity
resistance, torment resistance 1, petrification resistance
a: no special abilities


You were on level 3 of the Dungeon.
You visited 1 branch of the dungeon, and saw 3 of its levels.

You collected 62 gold pieces.

Inventory:

Hand Weapons
 h - a +0 dagger of electrocution (weapon)
Missiles
 c - 103 stones
Armour
 d - a +1 robe of fire resistance (worn)
Scrolls
 a - a scroll of enchant armour {unknown}
 e - 2 scrolls of silence
 f - 3 scrolls of identify {unknown}
 g - a scroll of vulnerability {unknown}
 i - a scroll of immolation {unknown}
 k - 3 scrolls of enchant weapon {unknown}
Potions
 b - a potion of berserk rage {unknown}
 j - 2 potions of flight {unknown}


   Skills:
 - Level 1.5 Dodging
 - Level 2.1 Stealth
 * Level 3.9 Spellcasting
 - Level 0.7 Transmutations
 + Level 4.8 Earth Magic


You had 6 spell levels left.
You knew the following spells:

 Your Spells              Type           Power      Damage    Failure   Level
a - Sandblast             Erth           38%        2d10      2%          1
b - Stone Arrow           Conj/Erth      22%        3d8       19%         3

Your spell library contained the following spells:

 Spells                   Type           Power      Damage    Failure   Level
 Passwall                 Tmut/Erth      10%        N/A       8%          2
 Petrify                  Tmut/Erth      12%        N/A       45%         4


Dungeon Overview and Level Annotations

Branches:
Dungeon (3/15)

Altars:

Annotations:
D:3 Robin


Innate Abilities, Weirdness & Mutations

You are immune to sickness and miasma.
Your stone body is resilient. (AC +3)
You are immune to poison.
You resist negative energy. (rN+)
You are resistant to electric shocks. (rElec)
You are resistant to unholy torment.
You are immune to petrification.


Message History

The goblin hits you with a +0 dagger. The goblin barely misses you.
The goblin hits you but does no damage. The hobgoblin closely misses you.
Robin throws the goblin at you!
The blast of sand hits the hobgoblin.
The hobgoblin is severely wounded.
The goblin hits you with a +0 dagger. x2; The goblin closely misses you.
The goblin hits you with a +0 dagger. The hobgoblin hits you.
* * * LOW HITPOINT WARNING * * *
Items here: ( )) †.
You are too injured to fight recklessly!
Casting: Sandblast (safe; 2% risk of failure)
Confirm with . or Enter, or press ? or * to list all spells.
Aiming: Sandblast (safe; 2% risk of failure)
Press: ? - help, Shift-Dir - straight line, f - goblin
Aim: a goblin, wielding a +0 dagger (strong, 74% to hit)
The blast of sand hits the goblin!
You kill the goblin!
The goblin barely misses you.
Casting: Sandblast (safe; 2% risk of failure)
Confirm with . or Enter, or press ? or * to list all spells.
Aiming: Sandblast (safe; 2% risk of failure)
Press: ? - help, Shift-Dir - straight line, f - goblin
Aim: a goblin, wielding a +0 dagger (strong, 74% to hit)
The blast of sand hits the goblin!
You kill the goblin!
The goblin closely misses you.
The goblin no longer looks unusually strong.
The goblin no longer looks unusually strong.
The goblin hits you with a +0 dagger.
* * * LOW HITPOINT WARNING * * *
Casting: Sandblast (safe; 2% risk of failure)
Confirm with . or Enter, or press ? or * to list all spells.
Aiming: Sandblast (safe; 2% risk of failure)
Press: ? - help, Shift-Dir - straight line, f - goblin
Aim: a goblin, wielding a +0 dagger (74% to hit)
The blast of sand misses the goblin.
Robin roars a battlecry!
The goblins go into a battle-frenzy!
The goblin completely misses you. The goblin hits you with a +0 dagger.
You die...

#################
##≈≈..#...#......# #
#≈≈≈.)'...'...)..# ##
#######≈≈≈..#...#...)gg#
.####...##≈≈#########..##')#
......#.##≈≈#..........#.).#
.####...#...'.^.).).g..#.).#
####...##...'.†.gg†....#...#
# #.........'...@g.....#...#
##..)###≈≈#..........#...#
##.## #≈≈#########..#...#
#.# ##≈≈≈..# #..#...# #.#
#≈≈≈.g+ +..# ##+## ##≈≈..#
#### ##...## ≈≈..####
##.....## ≈......
##)......## ≈≈.....


You could see Robin, a hobgoblin (strong) and 2 goblins.

Vanquished Creatures
  3 adders
  2 worms
  2 dart slugs (D:1)
  4 bats
  5 endoplasms
  A giant cockroach (D:1)
  17 goblins
  6 hobgoblins
  5 jackals
  4 quokkas
  5 ball pythons
  6 kobolds
  6 rats
66 creatures vanquished.

Notes
Turn   | Place    | Note
-------+----------+-------------------------------------------
     0 | D:1      | Crownlay the Gargoyle Earth Elementalist began the quest
                  | for the Orb.
     0 | D:1      | Reached XP level 1. HP: 10/10 MP: 3/3
   218 | D:1      | Reached XP level 2. HP: 9/15 MP: 0/5
   591 | D:1      | Reached skill level 4 in Earth Magic
  1019 | D:1      | Reached XP level 3. HP: 19/19 MP: 4/7
  1121 | D:1      | Found a faded altar of an unknown god.
  2463 | D:2      | Reached XP level 4. HP: 24/24 MP: 9/9
  2468 | D:2      | Learned a level 3 spell: Stone Arrow
  3469 | D:3      | Noticed Robin
  3491 | D:3      | Slain by a goblin

Illustrated notes

Levels and vault maps discovered:
D:1:      eino_arrival_cavern_a, layout_loops_cross,
          shapermc_ecumenical_altar_mp_highgroup
D:2:      layout_loops_corners
D:3:      kennysheep_goblin_castle, layout_loops_corners

Skill      XL: |  1  2  3 |
---------------+----------+-----
Earth Magic    | 4 |  4.8
Spellcasting   | 3 |  3.9
Dodging        | |  1.5
Stealth        | |  2.1
Transmutations | |  0.7

Action                   |  1- 3 |  4- 6 || total
-------------------------+-------+-------++-------
Melee: Unarmed           |     8 |       ||     8
       Club              |   107 |       ||   107
       Dagger            |     7 |    37 ||    44
 Cast: Sandblast         |    33 |    21 ||    54
  Use: Scroll            |     1 |       ||     1
 Stab: Sleeping          |       |     1 ||     1
Armor: Robe              |    89 |    16 ||   105
Dodge: Dodged            |   113 |    28 ||   141
